 Dungeon Crawl Stone Soup version 0.32-a0-520-g344ed53f66 (console) character file.

Game seed: 13962857346960459713

858 aino the Shooter (level 8, -2/56 HPs)
             Began as a Formicid Wanderer on Feb 27, 2024.
             Was a Believer of Zin.
             Slain by an iguana (8 damage)
             ... on level 6 of the Dungeon.
             The game lasted 00:12:22 (5465 turns).

aino the Shooter (Formicid Wanderer)                Turns: 5465, Time: 00:12:23

Health: -2/56      AC:  4    Str: 16    XL:     8   Next: 22%
Magic:  11/11      EV: 10    Int: 10    God:    Zin [**....]
Gold:   296        SH:  6    Dex: 20    Spells: 9/9 levels left

rFire   . . .        b - +8 spear of the Vaults {heavy, rC+}
rCold   + + .        n - +0 buckler
rNeg    . . .        v - +1 leather armour of Boredom {Dex+2 Slay+3}
rPois   .            (helmet unavailable)
rElec   .            (no cloak)
rCorr   .            (no gloves)
SInv    +            (no boots)
Will    .....        (no amulet)
Stlth   +            h - ring of protection from cold
HPRegen 0.29/turn    (no ring)
MPRegen 0.12/turn

%: no passive effects
@: invisible
A: permanent stasis, dig shafts and tunnels, antennae 3, four strong arms
a: Dig, Shaft Self, Renounce Religion, Recite, Vitalisation, Donate Gold


You were on level 6 of the Dungeon.
You worshipped Zin.
Zin was pleased with you.
You visited 1 branch of the dungeon, and saw 6 of its levels.

You collected 328 gold pieces.
You donated 32 gold pieces to Zin.

Inventory:

Hand Weapons
 a - a +0 sling
 b - the +8 spear of the Vaults (weapon) {heavy, rC+}
   (You found it on level 5 of the Dungeon)

   rC+:       It protects you from cold.
Armour
 n - a +0 buckler (worn)
 v - the +1 leather armour of Boredom (worn) {Dex+2 Slay+3}
   (You found it on level 4 of the Dungeon)

   Dex+2:     It affects your dexterity (+2).
   Slay+3:    It affects your accuracy & damage with ranged weapons and melee
   (+3).
Jewellery
 h - a ring of protection from cold (left hand)
Wands
 j - a wand of polymorph (14)
 x - a wand of flame (47) (quivered)
Scrolls
 c - 3 scrolls of fog
 d - a scroll of enchant weapon {unknown}
 e - a scroll of teleportation {unknown}
 i - 2 scrolls of noise
 k - a scroll of blinking {unknown}
 o - a scroll of immolation
 q - 2 scrolls of silence {unknown}
 r - 3 scrolls of poison
 t - a scroll of amnesia
 w - a scroll of brand weapon
 y - a scroll of vulnerability {unknown}
 z - a scroll of butterflies {unknown}
Potions
 g - 3 potions of attraction
 l - 2 potions of lignification
 m - a potion of mutation
 p - 2 potions of curing
 u - 3 potions of haste


   Skills:
 + Level 2.1 Fighting
 + Level 7.0 Ranged Weapons
 - Level 1.1 Armour
 - Level 5.0 Shields
 - Level 1.1 Spellcasting
 + Level 4.4 Invocations
 - Level 4.3 Evocations


You had 9 spell levels left.
You didn't know any spells.
Your spell library contained the following spells:

 Spells                   Type           Power      Damage    Failure   Level
 Freeze                   Ice            0%         1d3       47%         1
 Lesser Beckoning         Tloc           0%         N/A       63%         2
 Call Canine Familiar     Summ           0%         N/A       85%         3
 Frozen Ramparts          Ice            0%         1d1       85%         3
 Gell's Gravitas          Tloc           0%         N/A       85%         3
 Hailstorm                Conj/Ice       0%         3d5       85%         3
 Sigil of Binding         Hex            0%         N/A       85%         3
 Teleport Other           Tloc           0%         N/A       85%         3
 Dimensional Bullseye     Hex/Tloc       0%         N/A       99%         4


Dungeon Overview and Level Annotations

Branches:
Dungeon (6/15)
 Temple: D:4-7

Altars:
Dithmenos
Elyvilon
Fedhas
Hepliaklqana
Makhleb
Nemelex Xobeh
Ru
Wu Jian
Yredelemnul
Zin
The Shining One

Annotations:
D:6 Maggie


Innate Abilities, Weirdness & Mutations

You cannot be hasted, slowed, berserked, paralysed or teleported.
You can dig through walls and to a lower floor.
You have a pair of large antennae on your head. (SInv)
Your four strong arms can wield two-handed weapons with a shield.


Message History

You hit Maggie.
Maggie is lightly wounded.
Maggie misses you.
The iguana hisses menacingly.
The iguana closely misses you. Maggie hits you with a +0 morningstar!
You hit Maggie.
Maggie is lightly wounded.
Maggie barely misses you. You block the iguana's attack.
The iguana closely misses you.
Maggie points at you and mumbles some strange words.
The bolt of fire is repelled.
You cannot move away from Maggie!
Unknown command.
You puncture Maggie!
Maggie is moderately wounded.
You break out of your daze.
Maggie says, "How do the people who live here stand the isolation?"
Maggie hits you with a +0 morningstar!
* * * LOW HITPOINT WARNING * * *
The iguana bites you!
* * * LOW HITPOINT WARNING * * *
You feel much better.
You are ready to recite again.
Maggie hits you with a +0 morningstar!
* * * LOW HITPOINT WARNING * * *
You block the iguana's attack.
It was a potion of haste.
Your stasis prevents you from being hasted.
Maggie misses you. The iguana bites you.
* * * LOW HITPOINT WARNING * * *
Press: ? - help, v - describe, . - travel
Here: Maggie, wielding a +0 morningstar and wearing +0 steam dragon scales (moderately wounded, unable to see you)
The floor, spattered with blood.
Unknown command.
As you read the scroll labelled TIXZUTH XEJOVI, it crumbles to dust.
The creatures around you are filled with an inner flame!
It was a scroll of immolation.
Maggie hits you with a +0 morningstar.
* * * LOW HITPOINT WARNING * * *
The iguana bites you!
You die...

...................#
....#######...####.#
.#..#...# #...# #.#
.#..#...# #...# #.#
.#..#...# ##### #.#
.#{.#...# ######.#
.#..#...# #......#
....#...#####.###..########
..............h@@..........
.#.#....#.###.###l########.
...........h..........>..
...#.####.###.###.####..#
.......h...##.# #.#
..##.####..##.# #.#
.###.#.....##.# #.# .#
#.#..#'#@......# .#
#.#..+_+.#.###.#


You could see Maggie (inner flame, unable to see you), a black bear (inner
flame, unable to see you) and an iguana (inner flame, unable to see you).

Vanquished Creatures
  A water moccasin (D:6)
  A sky beast (D:6)
  A phantom (D:5)
  A scorpion (D:4)
  2 hounds (D:4)
  Jessica (D:3)
  4 sleepcaps
  Ijyb (D:3)
  An orc wizard (D:4)
  Natasha (D:3)
  2 iguanas
  9 adders
  2 ufetubi (D:5)
  3 dart slugs
  3 ribbon worms
  8 orcs
  10 bats
  9 endoplasms
  A giant cockroach (D:1)
  10 goblins
  8 hobgoblins
  7 jackals
  4 quokkas
  7 ball pythons
  5 frilled lizards
  6 kobolds
  3 rats
111 creatures vanquished.

Vanquished Creatures (others)
  An orc wizard (D:4)
1 creature vanquished.

Grand Total: 112 creatures vanquished

Notes
Turn   | Place    | Note
-------+----------+-------------------------------------------
     0 | D:1      | aino the Formicid Wanderer began the quest for the Orb.
     0 | D:1      | aino set off with the following items: a +0 sling, a wand
                  | of flame (16), 2 scrolls of fog, a +0 leather armour.
     0 | D:1      | Reached XP level 1. HP: 16/16 MP: 2/2
   144 | D:1      | Reached XP level 2. HP: 22/22 MP: 3/3
   292 | D:1      | Reached skill level 3 in Ranged Weapons
   595 | D:1      | Reached XP level 3. HP: 27/27 MP: 4/4
  1041 | D:2      | Reached skill level 4 in Ranged Weapons
  1041 | D:2      | Reached XP level 4. HP: 33/33 MP: 5/5
  1244 | D:2      | Found a faded altar of an unknown god.
  1720 | D:3      | Reached skill level 1 in Shields
  1763 | D:3      | Found a burning altar of Makhleb.
  1767 | D:3      | Noticed Natasha
  1911 | D:3      | Found a hazy altar of Hepliaklqana.
  1951 | D:3      | Reached XP level 5. HP: 38/38 MP: 6/6
  1958 | D:3      | Found a sparkling altar of Nemelex Xobeh.
  1958 | D:3      | Found a basalt altar of Yredelemnul.
  2411 | D:3      | Noticed Ijyb
  2450 | D:3      | Killed Ijyb
  2497 | D:3      | Reached skill level 5 in Ranged Weapons
  2531 | D:3      | Killed Natasha
  2532 | D:3      | Reached XP level 6. HP: 16/44 MP: 7/7
  2765 | D:3      | Noticed Jessica
  2773 | D:3      | Killed Jessica
  3141 | D:4      | Found an ornate altar of the Wu Jian Council.
  3450 | D:4      | Found a white marble altar of Elyvilon.
  3450 | D:4      | Found a glowing golden altar of the Shining One.
  3450 | D:4      | Found a glowing silver altar of Zin.
  3479 | D:4      | Identified the +1 leather armour of Boredom {Dex+2 Slay+3}
  3614 | D:4      | Found a glowing silver altar of Zin.
  3749 | D:4      | Became a worshipper of Zin the Law-Giver
  3749 | D:4      | Reached * piety under Zin
  3857 | D:4      | Reached skill level 1 in Invocations
  3857 | D:4      | Reached XP level 7. HP: 39/50 MP: 8/8
  3913 | D:4      | Found a blossoming altar of Fedhas.
  4074 | D:4      | Found a shadowy altar of Dithmenos.
  4262 | D:5      | Entered Level 5 of the Dungeon
  4281 | D:4      | Reached skill level 6 in Ranged Weapons
  4281 | D:4      | Reached skill level 5 in Shields
  4538 | D:5      | Reached ** piety under Zin
  5065 | D:5      | Identified the +8 spear of the Vaults {heavy, rC+}
  5344 | D:6      | Reached XP level 8. HP: 56/56 MP: 10/10
  5373 | D:6      | Reached skill level 7 in Ranged Weapons
  5425 | D:6      | Noticed Maggie
  5437 | D:6      | Found a sacrificial altar of Ru.
  5462 | D:6      | HP: 1/56 [iguana (8)]
  5465 | D:6      | Slain by an iguana

Illustrated notes

Levels and vault maps discovered:
D:1:      minmay_arrival_hallway, layout_basic, columned_hall_lemuel,
          minmay_pentomino_q4
D:2:      layout_basic, shapermc_ecumenical_altar_hornbeckon,
          grunt_ministairs_6, nicolae_the_louvre
D:3:      layout_basic, overflow_temple_1_default, lemuel_crystal_altar,
          jmf_multi_god_temple, grunt_ministairs_12, minmay_close_crescents,
          uniq_jessica, uniq_natasha, uniq_ijyb
D:4:      layout_loops_corners, dreamdust_divine_triumvirate, marbit_many_paths,
          nicolae_overflow_crystal_walls, lemuel_doored_altar,
          serial_park_tiny_1, kennysheep_diamond
D:5:      layout_loops_ring
D:6:      layout_basic, lemuel_round_altar, kennysheep_mini,
          serial_bayou_lake_a, uniq_eustachio, uniq_maggie

Skill      XL: |  1  2  3  4  5  6  7  8 |
---------------+-------------------------+-----
Ranged Weapons | 3 4 5 6 7 |  7.0
Shields        | 1 3 4 5 |  5.0
Invocations    | 1 3 4 |  4.4
Fighting       | |  2.1
Armour         | |  1.1
Spellcasting   | |  1.1
Evocations     | |  4.3

Action                     |  1- 3 |  4- 6 |  7- 9 || total
---------------------------+-------+-------+-------++-------
  Melee: Unarmed           |       |     5 |       ||     5
         Sling             |       |     2 |       ||     2
         Spear             |       |       |    13 ||    13
   Fire: Sling             |    74 |   292 |    70 ||   436
 Invoke: Recite            |       |       |     1 ||     1
  Evoke: Wand              |     3 |     7 |       ||    10
    Use: Scroll            |       |     6 |     4 ||    10
         Potion            |       |     6 |     3 ||     9
   Stab: Confused          |       |     1 |       ||     1
 Armour: Leather armour    |    21 |    90 |    40 ||   151
         Skin              |       |     1 |       ||     1
  Dodge: Dodged            |    16 |    73 |    26 ||   115
         Repelled          |     1 |     3 |     1 ||     5
  Block: Buckler           |       |    26 |    14 ||    40

Table legend: (Time is in decaauts)
 A = Elapsed time spent in this place.
 B = Non-inter-level travel time spent in this place.
 C = Inter-level travel time spent in this place.
 D = Time resting spent in this place.
 E = Time spent auto-exploring this place.
 F = Levels seen in this place.
 G = Mean time per level.
                   A        B        C        D        E       F      G
               +--------+--------+--------+--------+--------+-----+--------+
         Total |   5572 |   5197 |    375 |    786 |   3293 |   6 |  928.7 |
       Dungeon |   5572 |   5197 |    375 |    786 |   3293 |   6 |  928.7 |
               +--------+--------+--------+--------+--------+-----+--------+

Top non-repeatable levels by time:
     D:4: 1394 daAuts
     D:3: 1347 daAuts
     D:1: 1008 daAuts
     D:5: 870 daAuts
     D:2: 804 daAuts
     D:6: 147 daAuts
